 Dungeon Crawl Stone Soup version 0.25.1-2-g60ff931df9 (webtiles) character file.

Game seed: 17055790853888191453

35 Descartes the Sneak (level 3, -5/18 HPs)
             Began as a Spriggan Warper on Aug 11, 2020.
             Slain by a water moccasin (7 damage)
             ... on level 2 of the Dungeon.
             The game lasted 00:02:16 (1731 turns).

Descartes the Sneak (Spriggan Warper)               Turns: 1731, Time: 00:02:16

Health: -5/18      AC:  2    Str:  7    XL:     3   Next: 16%
Magic:  8/8        EV: 18    Int: 15    God:
Gold:   70         SH:  0    Dex: 15    Spells: 7/7 levels left

rFire    . . .     SeeInvis +   l - +2 dagger (holy)
rCold    . . .     Gourm    .   (shield restricted)
rNeg     . . .     Faith    .   b - +0 robe
rPois    .         Spirit   .   (helmet restricted)
rElec    .         Reflect  .   (no cloak)
rCorr    .         Harm     .   (gloves unavailable)
MR       .....                  (boots unavailable)
Stlth    +++.......             (no amulet)
HPRegen  0.06/turn              m - ring of see invisible
MPRegen  0.11/turn              (no ring)

@: mighty, lethally poisoned (-5 -> -16), very quick
A: very small, unfitting armour, see invisible, herbivore, speed 3, slow
metabolism 2
a: no special abilities


You were on level 2 of the Dungeon.
You were not hungry.

You visited 1 branch of the dungeon, and saw 2 of its levels.

You collected 70 gold pieces.

Inventory:

Hand Weapons
 a - a +0 short sword
 l - a +2 dagger of holy wrath (weapon)
 s - a +0 hunting sling
Missiles
 c - 33 poisoned darts
 e - 5 boomerangs of dispersal (quivered)
 g - 50 arrows
 h - 29 stones
Armour
 b - a +0 robe (worn)
Jewellery
 m - a ring of see invisible (left hand)
Scrolls
 d - 2 scrolls of blinking
 i - 2 scrolls of identify {unknown}
 n - 3 scrolls of remove curse {unknown}
 p - a scroll of amnesia {unknown}
 q - 2 scrolls of enchant weapon {unknown}
Comestibles
 f - 3 rations


   Skills:
 - Level 1.5 Fighting
 - Level 2.1 Short Blades
 - Level 1.0 Throwing
 - Level 3.5 Dodging
 + Level 4.7 Stealth
 - Level 2.6 Spellcasting
   Level 4.4 Translocations


You had 7 spell levels left.
You didn't know any spells.
Your spell library contained the following spells:

 Spells                   Type           Power        Failure   Level  Hunger
 Blink                    Tloc           N/A          5%          2    ##.....
 Gell's Gravitas          Tloc           ###.......   11%         3    ###....
 Lesser Beckoning         Tloc           ###.......   11%         3    ###....
 Teleport Other           Tloc           ###.....     11%         3    ###....
 Shroud of Golubria       Chrm/Tloc      #.....       13%         2    ##.....
 Passage of Golubria      Tloc           N/A          34%         4    #####..


Dungeon Overview and Level Annotations

Branches:
Dungeon (2/15)

Altars:
Vehumet


Innate Abilities, Weirdness & Mutations

You are very small and have problems with some larger weapons.
You are too small for most types of armour.
You have supernaturally acute eyesight. (SInv)
You are a herbivore.
You cover ground extremely quickly.
You need to consume almost no food.


Message History

Your magical effects are unravelling.
You feel magically purged.
You feel less invigorated.
You feel less confused.
You feel sick.
The water moccasin completely misses you.
The water moccasin bites you.
* * * LOW HITPOINT WARNING * * *
It was a potion of might.
You feel very mighty all of a sudden.
* * * LOW HITPOINT WARNING * * *
You feel sick. The water moccasin misses you.
You puncture the water moccasin!
The water moccasin is heavily wounded.
* * * LOW HITPOINT WARNING * * *
You feel sick. The water moccasin barely misses you.
You hit the water moccasin.
The water moccasin is severely wounded.
* * * LOW HITPOINT WARNING * * *
You feel sick. The water moccasin bites you!
You die...

#.###..##..# #.#.#
#..# ..#
##.#.###..## .#
#...>......# .#
#........#.# .#
#........#.#..#
#........).†.>#
#..........##.#
#..S@...##.# #
.................#
..##.########.####
# #.# #.# .#


You could see a water moccasin.

Vanquished Creatures
  A leopard gecko (D:2)
  4 bats
  3 giant cockroaches (D:1)
  5 goblins
  5 hobgoblins
  A ball python (D:1)
  3 frilled lizards
  4 kobolds
  4 rats
30 creatures vanquished.

Notes
Turn   | Place    | Note
-------+----------+-------------------------------------------
     0 | D:1      | Descartes the Spriggan Warper began the quest for the Orb.
     0 | D:1      | Reached XP level 1. HP: 10/10 MP: 5/5
   245 | D:1      | Reached skill level 1 in Stealth
   696 | D:1      | Reached XP level 2. HP: 12/14 MP: 6/6
  1582 | D:2      | Reached XP level 3. HP: 17/18 MP: 8/8
  1681 | D:2      | Found a radiant altar of Vehumet.
  1717 | D:2      | Noticed a water moccasin
  1731 | D:2      | Slain by a water moccasin

Illustrated notes

Levels and vault maps discovered:
D:1:      dpeg_arrival_concentric_ovals, layout_basic, minmay_fountain_box
D:2:      layout_loops_ring, fiery_altar_vehumet, first_ration, uniq_terence

Skill      XL: |  1  2 |
---------------+-------+-----
Stealth        | 2 4 |  4.7
Fighting       | |  1.5
Short Blades   | |  2.1
Throwing       | |  1.0
Dodging        | |  3.5
Spellcasting   | |  2.6
Translocations | |  4.4

Action                   || total
-------------------------++-------
Melee: Short sword       ||    75
       Dagger            ||    31
  Use: Potion            ||     4
 Stab: Sleeping          ||     7
       Distracted        ||     2
Armor: Robe              ||    10
Dodge: Dodged            ||    82
